[Event "Team 45 45 League T62"]
[Site "Internet Chess Club"]
[Date "2014.09.02"]
[Round "1"]
[White "GregoryViking"]
[Black "Mitochondria"]
[Result "1-0"]
[WhiteElo "1593"]
[BlackElo "1516"]
[Opening "French: advance, Milner-Barry gambit"]
[ECO "C02"]
[Time "17:01:35"]
[TimeControl "2700+45"]

1. e4 e6 2. d4 d5 3. e5 c5 4. c3 Nc6 5. Nf3 Qb6 6. Bd3 Bd7 7. Bc2 cxd4 8. cxd4
Bb4+ 9. Nc3 Nge7 10. a3 Bxc3+ 11. bxc3 Ng6 12. h4 Na5 13. h5 Ne7 14. g4 Nc4 15.
Ng5 g6 16. Qf3 O-O-O 17. hxg6 hxg6 18. Rxh8 Rxh8 19. Nxf7 Rg8 20. Qf6 Nc6 21.
Rb1 Qc7 22. Bd3 N6a5 23. Bxg6 Nxa3 24. Nd6+ Kb8 25. Qf7 Rxg6 26. Qxg6 Nxb1 27.
Qxb1 Nc4 28. Nxc4 Qxc4 29. Qb4 Qc8 30. Ba3 Ka8 31. Kd2 Qd8 32. f4 b6 33. Qd6 Qc8
34. g5 Be8 35. Qe7 Bg6 36. Qf6 Qe8 37. Be7 Qf7 38. Ke3 Kb7 39. Bd6 Qe8 40. Qg7+
Qf7 41. Qh8 Qh7 42. Qb8+ Ka6 43. Qc8+ Kb5 44. Qxe6 Be4 45. Qh6 Qd7 46. Qh8 Qc6
47. Kd2 Ka4 48. Qh5 Qc4 49. Qd1+ Kb5 50. Qe2 Qxe2+ 51. Kxe2 Kc4 52. e6 Bg6 53.
e7 Kxc3 54. f5 Be8 55. g6 {Black resigns} 1-0

[Event "Team 45 45 League T62"]
[Site "Internet Chess Club"]
[Date "2014.08.30"]
[Round "1"]
[White "AlPearson"]
[Black "chesskix"]
[Result "0-1"]
[WhiteElo "1399"]
[BlackElo "1427"]
[Opening "Modern defense"]
[ECO "A40"]
[Time "12:07:46"]
[TimeControl "2700+45"]

1. d4 g6 2. c4 Bg7 3. Nc3 e6 4. Nf3 Ne7 5. Bf4 a6 6. e3 O-O 7. Be2 b6 8. O-O Bb7
9. Qc2 d6 10. Rfd1 Nd7 11. b4 Nc6 12. c5 Nxb4 13. Qb3 Nd5 14. cxd6 Nxf4 15. exf4
cxd6 16. Rac1 Rb8 17. g4 Bh6 18. g5 Bg7 19. h4 b5 20. h5 Nb6 21. Qb1 Nd5 22.
hxg6 hxg6 23. Nh4 Nxf4 24. Bd3 Qxg5+ 25. Kf1 Qxh4 26. Ne4 Qh1# {White
checkmated} 0-1

[Event "Team 45 45 League T62"]
[Site "Internet Chess Club"]
[Date "2014.08.30"]
[Round "1"]
[White "Just-Jim"]
[Black "Zyme"]
[Result "0-1"]
[WhiteElo "1320"]
[BlackElo "1372"]
[Opening "French: advance, Nimzovich system"]
[ECO "C00"]
[Time "10:01:41"]
[TimeControl "2700+45"]

1. e4 e6 2. Nf3 d5 3. e5 c5 4. d4 cxd4 5. Nxd4 Nc6 6. Bb5 Bd7 7. Bxc6 bxc6 8.
O-O Bc5 9. c3 Ne7 10. Nd2 Ng6 11. N2f3 Bb6 12. Re1 Bc7 13. Ng5 Nxe5 14. f4 h6
15. fxe5 hxg5 16. Nf3 f6 17. exf6 gxf6 18. Qd3 Kf7 19. Rf1 Bb6+ 20. Kh1 Kg7 21.
Be3 Qc7 22. Bxb6 axb6 23. h3 Qg3 24. Qd4 c5 25. Qf2 Qxf2 26. Rxf2 g4 27. Ng1
gxh3 28. gxh3 e5 29. Kh2 Rh4 30. a3 Rah8 31. Rg2+ Kf7 32. Rg3 f5 33. Nf3 R4h5
34. Rag1 e4 35. Ne5+ Ke6 36. Ng6 R5h6 37. Nxh8 Rxh8 38. Rg6+ Ke7 39. Rxb6 f4 40.
Rg7+ Kd8 41. Rb8+ Bc8 42. Rg4 Kc7 43. Rb5 Bxg4 44. Rxc5+ Kd6 45. Rb5 Rxh3+ 46.
Kg2 f3+ 47. Kf2 Kc6 48. Rb8 Rh2+ 49. Kg3 Rg2+ 50. Kh4 Bd7 51. a4 Kc7 52. Rf8
Bxa4 53. Rf5 Kd6 54. Rf4 Bb3 55. Kh3 Rxb2 56. Rf6+ Ke5 57. Rf8 Rc2 58. Re8+ Kf6
59. Kg4 Kf7 60. Re5 Rxc3 61. Kg5 Bc4 62. Kf5 f2 63. Kg5 f1=Q 64. Rf5+ Qxf5+ 65.
Kxf5 e3 {White resigns} 0-1

[Event "Team 45 45 League T62"]
[Site "Internet Chess Club"]
[Date "2014.08.31"]
[Round "1"]
[White "chuckh2"]
[Black "kingsrook"]
[Result "1-0"]
[WhiteElo "1476"]
[BlackElo "1308"]
[Opening "Queen's bishop game"]
[ECO "D02"]
[Time "18:00:16"]
[TimeControl "2700+45"]

1. d4 d5 2. Nf3 Nf6 3. Bf4 c5 4. e3 Nc6 5. c3 e6 6. Nbd2 Bd6 7. Ne5 Qc7 8. Bb5
Nd7 9. Nxd7 Bxd7 10. Bxd6 Qxd6 11. Qh5 O-O 12. Bd3 g6 13. Qh6 Ne7 14. Nf3 f6 15.
h4 Nf5 16. Bxf5 exf5 17. O-O-O c4 18. Rdg1 Rf7 19. Qf4 Qxf4 20. exf4 Re8 21. Kd2
h5 22. Ne1 Rfe7 23. Rf1 Re2+ 24. Kc1 Ba4 25. g3 a5 26. Kb1 Kg7 27. Ng2 R2e6 28.
Ne3 Bc6 29. Kc1 a4 30. a3 b5 31. Rhg1 R8e7 32. Kd2 Re8 33. Re1 R8e7 34. Re2 Re8
35. Rge1 R8e7 36. Nxf5+ gxf5 37. Rxe6 Rc7 38. Rd6 Kf7 39. Ree6 Bd7 40. Rxf6+ Ke7
41. Rh6 Be8 42. Rde6+ Kd7 43. Re5 Kd8 44. Rh8 Re7 45. Rxd5+ Kc7 46. Rxf5 Bd7 47.
Rc5+ Kb7 48. Rhxh5 {Black resigns} 1-0

[Event "Team 45 45 League T62"]
[Site "Internet Chess Club"]
[Date "2014.08.30"]
[Round "1"]
[White "clarinetref"]
[Black "kavinkvels"]
[Result "1-0"]
[WhiteElo "1601"]
[BlackElo "1583"]
[Opening "Scandinavian (center counter) defense"]
[ECO "B01"]
[Time "00:04:26"]
[TimeControl "2700+45"]

1. e4 d5 2. exd5 Qxd5 3. Nc3 Qa5 4. Bc4 c6 5. a4 Bf5 6. d4 Qc7 7. Nf3 Nd7 8. O-O
e6 9. Re1 Ngf6 10. Bg5 Bd6 11. h3 O-O 12. Bd3 Bxd3 13. Qxd3 Nd5 14. Ne4 Bf4 15.
Bh4 Rfc8 16. Neg5 Bxg5 17. Nxg5 N7f6 18. Bg3 Qb6 19. b3 h6 20. Nf3 Nd7 21. Nd2
c5 22. Nc4 Qb4 23. Nd6 Rc6 24. Qf3 N7f6 25. dxc5 Qxc5 26. c4 Nb4 27. Nb5 Nc2 28.
Re5 Qb6 29. Rc1 Nd4 30. Nxd4 Qxd4 31. Rb5 Rb6 32. Be5 Qe4 33. Qxe4 Nxe4 34. Rxb6
axb6 35. Bc7 Rc8 36. Bxb6 Rc6 37. c5 Nxc5 38. Bxc5 b6 39. Be3 Rxc1+ 40. Bxc1 Kf8
41. Be3 Ke7 42. Bxb6 Kd6 43. a5 Kc6 44. Kf1 Kb7 45. Ke2 f6 46. b4 e5 47. Kd3 g6
48. Bc5 Ka6 49. Kc4 f5 50. Bb6 e4 51. b5+ Kb7 52. Kd5 h5 53. Ke5 h4 54. Kf6 f4
55. Kxg6 e3 56. fxe3 fxe3 57. Bxe3 Kc7 58. a6 Kb8 59. b6 Ka8 60. b7+ Kb8 61.
Bf4+ Ka7 {Black resigns} 1-0

[Event "Team 45 45 League T62"]
[Site "Internet Chess Club"]
[Date "2014.09.01"]
[Round "1"]
[White "rkaebi"]
[Black "PostMike"]
[Result "1-0"]
[WhiteElo "1436"]
[BlackElo "1461"]
[Opening "Sicilian: Anderssen variation"]
[ECO "B41"]
[Time "14:30:17"]
[TimeControl "2700+45"]

1. e4 c5 2. Nf3 e6 3. d4 cxd4 4. Nxd4 Nf6 5. Bd3 Bc5 6. Nb3 Bb6 7. O-O O-O 8.
Bg5 d6 9. N1d2 Nbd7 10. Qe2 a6 11. Rad1 Ne5 12. Nc4 Nxc4 13. Bxc4 Qe7 14. e5
dxe5 15. Qxe5 Bd8 16. Qg3 b5 17. Bd3 Bb7 18. Rfe1 Rc8 19. Nd4 Qc7 20. Qh3 h6 21.
Bxh6 gxh6 22. Qxh6 Qc5 23. Re3 Qh5 24. Rg3+ {Black resigns} 1-0

[Event "Team 45 45 League T62"]
[Site "Internet Chess Club"]
[Date "2014.08.27"]
[Round "1"]
[White "Aquaman"]
[Black "pcvan"]
[Result "0-1"]
[WhiteElo "1345"]
[BlackElo "1524"]
[Opening "Réti opening"]
[ECO "A05"]
[Time "21:00:30"]
[TimeControl "2700+45"]

1. Nf3 Nf6 2. g3 d5 3. Bg2 e6 4. O-O c5 5. d3 Nc6 6. Nbd2 Bd6 7. Re1 O-O 8. e4
Qc7 9. exd5 exd5 10. Nf1 Bg4 11. h3 Bxf3 12. Bxf3 Rae8 13. Bg5 Rxe1 14. Qxe1 Nd4
15. Bd1 Re8 16. Qd2 Re6 17. c3 Nf5 18. Bg4 Nxg4 19. hxg4 Nh6 20. Bxh6 Rxh6 21.
g5 Re6 22. f4 Qe7 23. Ne3 Rxe3 24. Qg2 Re2 25. Qf1 g6 26. Rb1 Qe3+ 27. Kh1 Qxd3
28. Qg1 Qe4+ {White resigns} 0-1

[Event "Team 45 45 League T62"]
[Site "Internet Chess Club"]
[Date "2014.08.30"]
[Round "1"]
[White "rhayder"]
[Black "medsurg"]
[Result "1-0"]
[WhiteElo "1392"]
[BlackElo "1368"]
[Opening "Ruy Lopez: closed, 9.d4"]
[ECO "C91"]
[Time "03:04:53"]
[TimeControl "2700+45"]

1. e4 e5 2. Nf3 Nc6 3. Bb5 a6 4. Ba4 Nf6 5. O-O b5 6. Bb3 Be7 7. Re1 O-O 8. c3
d6 9. d4 Nb8 10. dxe5 dxe5 11. Qxd8 Rxd8 12. Nxe5 Be6 13. Bxe6 fxe6 14. Bg5 Rd6
15. Bxf6 Bxf6 16. Nf3 Nd7 17. Nbd2 Ne5 18. Nb3 Rad8 19. Nxe5 Bxe5 20. Nc5 Kf7
21. Nb7 {Black resigns} 1-0

[Event "Team 45 45 League T62"]
[Site "Internet Chess Club"]
[Date "2014.08.30"]
[Round "1"]
[White "unclevinny"]
[Black "gz99754539"]
[Result "1-0"]
[WhiteElo "1524"]
[BlackElo "1378"]
[Opening "Ruy Lopez: 5.O-O"]
[ECO "C78"]
[Time "18:02:40"]
[TimeControl "2700+45"]

1. e4 e5 2. Nf3 Nc6 3. Bb5 a6 4. Ba4 Nf6 5. O-O b5 6. Bb3 Bc5 7. d3 d6 8. Nc3
O-O 9. Bg5 Ne7 10. Bxf6 gxf6 11. Nd5 Nxd5 12. Bxd5 Rb8 13. Nh4 Kh8 14. Nf5 Bxf5
15. exf5 Qd7 16. Qf3 Rg8 17. Kh1 Rg5 18. g4 Rbg8 19. Rg1 Bd4 20. c3 Bb6 21. Bb7
a5 22. Bc6 Qe7 23. Bxb5 Rb8 24. a4 Qd8 25. Rab1 Qg8 26. h3 Qg7 27. h4 Bxf2 28.
hxg5 Bxg1 29. Rxg1 Qxg5 30. Rg2 Qc1+ 31. Kh2 Qh6+ 32. Kg3 Qf4+ 33. Qxf4 exf4+
34. Kxf4 c5 35. Re2 d5 36. Re7 Rf8 37. c4 dxc4 38. Bxc4 Rd8 39. Rxf7 Rd4+ 40.
Kf3 Rd6 41. Rc7 Rb6 42. b3 Rb8 43. Rxc5 Ra8 44. d4 Rd8 45. d5 Ra8 46. d6 Rd8 47.
Rd5 Kg7 48. d7 Kf8 49. Kf4 Ke7 50. Bb5 h6 51. Bc6 Kf7 52. Rxa5 Kf8 53. Ra8 Ke7
54. Rxd8 Kxd8 55. a5 h5 56. gxh5 Kc7 57. Ba4 Kd8 58. h6 Ke7 59. h7 Kd6 60. d8=Q+
Kc5 61. Qb6+ Kd5 62. Qc6+ Kd4 63. Qc4# {Black checkmated} 1-0

[Event "Team 45 45 League T62"]
[Site "Internet Chess Club"]
[Date "2014.08.30"]
[Round "1"]
[White "Timlisa9"]
[Black "g8wrb"]
[Result "1-0"]
[WhiteElo "1415"]
[BlackElo "1214"]
[Opening "French: Tarrasch, closed variation"]
[ECO "C05"]
[Time "15:05:22"]
[TimeControl "2700+45"]

1. e4 e6 2. d4 d5 3. Nd2 Nf6 4. e5 Nfd7 5. Ngf3 c5 6. dxc5 Bxc5 7. Nb3 Be7 8.
Bd3 Nc6 9. Bb5 Qb6 10. Bxc6 bxc6 11. O-O Ba6 12. Re1 c5 13. c3 Rb8 14. Bg5 Qd8
15. Qd2 h6 16. Bxe7 Qxe7 17. Qf4 O-O 18. Qd2 Rb5 19. Qc2 Qd8 20. Re3 Qb8 21. h4
c4 22. Nbd4 Rxb2 23. Qd1 Nc5 24. Nc6 Qb7 25. Ncd4 Ne4 26. Qc1 Nxf2 27. Re2 Rxe2
28. Nxe2 Nd3 29. Qf1 Rb8 30. Ned4 Qb2 31. Ne2 Qa3 32. Nfd4 Rb2 33. Nc6 Rxa2 34.
Rxa2 Qxa2 35. Ne7+ Kf8 36. Ng6+ Ke8 37. Nh8 Nxe5 38. Qf2 Qa1+ 39. Qf1 Qxf1+ 40.
Kxf1 Kf8 41. Nxf7 Kxf7 42. Kf2 Kf6 43. Ke3 Bb7 44. Kd4 Nd7 45. g4 e5+ 46. Ke3 a5
47. Kd2 a4 48. Kc2 Nc5 49. Kb2 Bc6 50. Ka3 Nd3 51. Ka2 g5 52. h5 Bd7 53. Ka3
Bxg4 54. Ng3 Bd7 55. Ka2 e4 56. Ka3 Ke5 57. Ne2 Be8 58. Ng3 {Black forfeits on
time} 1-0

[Event "Team 45 45 League T62"]
[Site "Internet Chess Club"]
[Date "2014.08.31"]
[Round "1"]
[White "SeniorCitizen"]
[Black "browndeer"]
[Result "1-0"]
[WhiteElo "1310"]
[BlackElo "1501"]
[Opening "Sicilian: accelerated fianchetto, modern variation"]
[ECO "B34"]
[Time "13:00:30"]
[TimeControl "2700+45"]

1. e4 c5 2. Nf3 Nc6 3. Nc3 g6 4. d4 cxd4 5. Nxd4 Bg7 6. Nf3 d6 7. Be2 Nf6 8. e5
dxe5 9. Qxd8+ Nxd8 10. Nxe5 O-O 11. Bd2 a6 12. O-O-O e6 13. Bf3 Bd7 14. Bg5 Bc6
15. Bxc6 Nxc6 16. Nxc6 bxc6 17. Bxf6 Bxf6 18. Rd3 Rfd8 19. Rhd1 Rxd3 20. Rxd3
Rd8 21. Rxd8+ Bxd8 22. b3 Bf6 23. Ne4 Bg7 24. Kd2 Kf8 25. Kd3 Ke7 26. a4 Kd7 27.
Nc5+ Kd6 28. Nxa6 Be5 29. h3 Bg7 30. Kc4 Bf6 31. Nc5 Bh4 32. a5 Bxf2 33. Ne4+
Kc7 34. Nxf2 f6 35. Kc5 h6 36. Ng4 e5 37. Nxf6 h5 38. Ne4 Kb7 39. a6+ Kxa6 40.
Kxc6 Ka5 41. c3 g5 42. Nxg5 h4 43. Nf3 e4 44. Nxh4 e3 45. Nf3 e2 46. h4 Ka6 47.
Ne1 Ka7 48. g4 Ka8 49. h5 Ka7 50. g5 Ka8 51. h6 Ka7 52. g6 Ka8 53. b4 Ka7 54. b5
Kb8 55. h7 Ka7 56. c4 Kb8 57. b6 Kc8 58. h8=R# {Black checkmated} 1-0

[Event "Team 45 45 League T62"]
[Site "Internet Chess Club"]
[Date "2014.08.31"]
[Round "1"]
[White "almond123"]
[Black "pmxpp"]
[Result "1/2-1/2"]
[WhiteElo "1448"]
[BlackElo "1300"]
[Opening "Ruy Lopez: closed defense"]
[ECO "C84"]
[Time "13:00:37"]
[TimeControl "2700+45"]

1. e4 e5 2. Nf3 Nc6 3. Bb5 a6 4. Ba4 Nf6 5. O-O Be7 6. Nc3 b5 7. Bb3 d6 8. d3 h6
9. Be3 O-O 10. Qd2 Ng4 11. h3 Nxe3 12. Qxe3 Bb7 13. Nd5 Re8 14. Nxe7+ Nxe7 15.
Rad1 c5 16. Nd2 Ng6 17. Qf3 Rf8 18. Qg3 Nf4 19. Qf3 Bc8 20. Rfe1 Qg5 21. Qg3 Qe7
22. Nf3 Be6 23. Bxe6 fxe6 24. Nh4 Nh5 25. Qg4 Qf7 26. Rf1 Kh7 27. Qf3 Qe8 28.
Qe3 Qe7 29. Nf3 Rf7 30. Nd2 Nf4 31. Kh2 Rg8 32. Nb1 g5 33. Nc3 g4 34. hxg4 Qh4+
35. Kg1 Qxg4 36. g3 Qh4 37. Ne2 Rfg7 38. Rfe1 Rg5 39. Nxf4 exf4 40. Qf3 Qh3 41.
Qxf4 Rxg3+ 42. fxg3 Rxg3+ 43. Qxg3 Qxg3+ 44. Kf1 Qf3+ 45. Kg1 Qg3+ 46. Kh1 Qh4+
47. Kg2 Qg5+ 48. Kf3 Qf6+ 49. Ke3 Qxb2 50. Rg1 Qd4+ 51. Kd2 Qf6 52. Rdf1 Qe7 53.
Ke2 a5 54. Kd2 b4 55. Kc1 d5 56. exd5 exd5 57. Kb2 a4 58. Kc1 h5 59. Kd2 d4 60.
Re1 Qf6 61. Ref1 Qe6 62. Re1 Qh6+ 63. Kd1 Qf6 64. Ref1 Qe6 65. Re1 Qd6 66. Kc1
Qd7 67. Kb1 Qf7 68. Ref1 Qe7 69. Re1 Qd7 {Game drawn by mutual agreement}
1/2-1/2

[Event "Team 45 45 League T62"]
[Site "Internet Chess Club"]
[Date "2014.08.30"]
[Round "1"]
[White "Greedy-Reedy"]
[Black "xt"]
[Result "1/2-1/2"]
[WhiteElo "1936"]
[BlackElo "1717"]
[Opening "Sicilian: Alapin's variation (2.c3)"]
[ECO "B22"]
[Time "01:41:12"]
[TimeControl "2700+45"]

1. e4 c5 2. c3 Nf6 3. e5 Nd5 4. d4 e6 5. Bc4 Nb6 6. Bb3 Nc6 7. Nf3 Be7 8. O-O
O-O 9. Qe2 d5 10. exd6 Bxd6 11. Rd1 Qc7 12. Be3 cxd4 13. cxd4 Ne7 14. Nc3 Bd7
15. Rac1 Qd8 16. Ne5 Bc6 17. Nxc6 Nxc6 18. Ne4 Na5 19. Bc2 Nac4 20. Bd3 Nxe3 21.
Qxe3 Nd5 22. Qh3 h6 23. Nxd6 Qxd6 24. Bb1 Rac8 25. Qd3 g6 26. g3 Rfd8 27. Rxc8
Rxc8 28. h4 h5 29. a3 Nb6 30. Ba2 Qc6 31. Rd2 Na4 32. d5 Qc1+ 33. Kg2 Nxb2 34.
Qd4 Nc4 35. Re2 e5 36. Qxa7 Nxa3 37. Qxb7 Qc7 38. Qxc7 Rxc7 39. Rxe5 Rd7 40. Bb3
Rd6 41. Re8+ Kg7 42. Rc8 Nb5 43. Rc6 Rd7 44. Rc5 Nd6 45. Ba4 Rd8 46. Rc7 Kf6 47.
Rd7 Rxd7 48. Bxd7 Ke5 49. Bc6 Nc8 50. f4+ Kd6 51. Kf3 Ke7 52. g4 hxg4+ 53. Kxg4
Nd6 54. Kg5 Ne4+ 55. Kg4 Nf6+ 56. Kg5 Ne4+ 57. Kh6 Nd6 58. Ba4 Kf6 59. Bc2 Nc4
60. Kh7 Ne3 61. Be4 Nc4 62. Kg8 Nd6 63. Bc2 Nc4 64. Kf8 Nd6 65. Bd3 Nc8 66. Ke8
Nb6 67. Be4 Nc4 68. Kd7 Nb6+ 69. Kc6 Nc8 70. Kc7 Na7 71. d6 Nb5+ 72. Kd7 Nc3 73.
Ke8 Nxe4 74. d7 Nd6+ 75. Kd8 Nb7+ 76. Ke8 Nd6+ 77. Kd8 Nb7+ 78. Ke8 Nd6+ {Game
drawn by repetition} 1/2-1/2

[Event "Team 45 45 League T62"]
[Site "Internet Chess Club"]
[Date "2014.08.31"]
[Round "1"]
[White "SugarIslander"]
[Black "rubo"]
[Result "0-1"]
[WhiteElo "1629"]
[BlackElo "1742"]
[Opening "Budapest: Rubinstein variation"]
[ECO "A52"]
[Time "17:00:19"]
[TimeControl "2700+45"]

1. d4 Nf6 2. c4 e5 3. dxe5 Ng4 4. Bf4 Nc6 5. Nf3 Bb4+ 6. Nbd2 Qe7 7. a3 Ngxe5 8.
Nxe5 Nxe5 9. Bxe5 Bxd2+ 10. Qxd2 Qxe5 11. e3 d6 12. Bd3 Be6 13. O-O O-O-O 14. b4
d5 15. c5 d4 16. e4 g5 17. Rac1 Kb8 18. c6 b6 19. a4 f5 20. exf5 Bxf5 21. Rfe1
Qf6 22. a5 Rhf8 23. axb6 Bxd3 24. bxa7+ Ka8 25. Qxd3 Qxf2+ 26. Kh1 Qf5 27. Qa6
Qc8 28. Qd3 Qf5 29. Rcd1 Qxd3 30. Rxd3 Kxa7 31. Kg1 Rf7 32. Red1 Kb6 33. Rxd4
Rxd4 34. Rxd4 Kxc6 35. g3 h6 36. h4 Rg7 37. hxg5 Rxg5 38. Kf2 Rd5 39. Rc4+ Kb6
40. Rh4 h5 41. Ke3 Kb5 42. g4 hxg4 43. Rxg4 c6 44. Rf4 Rd1 45. Rf8 Kxb4 46. Rb8+
Kc4 47. Ke2 Rd5 48. Rh8 Kc3 49. Rh3+ Kc2 50. Rh6 Re5+ 51. Kf3 c5 52. Rc6 Kd3 53.
Rd6+ Kc3 54. Kf4 Re1 55. Rh6 c4 56. Kf3 Kb2 57. Kf2 Re8 58. Rb6+ Kc2 59. Rc6 c3
60. Rc7 Kb2 61. Rb7+ Kc1 62. Rc7 c2 63. Rc6 Rd8 64. Ke2 Re8+ 65. Kd3 Kd1 66.
Rxc2 Rd8+ 67. Kc3 Rc8+ 68. Kb2 Rxc2+ 69. Ka1 Kd2 {White resigns} 0-1

[Event "Team 45 45 League T62"]
[Site "Internet Chess Club"]
[Date "2014.09.02"]
[Round "1"]
[White "Mitochondria"]
[Black "mongmong"]
[Result "0-1"]
[WhiteElo "1503"]
[BlackElo "1592"]
[Opening "Nimzo-Indian: classical variation"]
[ECO "E32"]
[Time "21:33:44"]
[TimeControl "2700+45"]

1. d4 e6 2. c4 Nf6 3. Nc3 Bb4 4. Qc2 Bxc3+ 5. Qxc3 b6 6. Nf3 Bb7 7. g3 d6 8. Bg2
Nbd7 9. O-O O-O 10. Bf4 Qe7 11. Rfe1 c5 12. dxc5 dxc5 13. Rad1 Rfd8 14. Qc2 Nf8
15. b3 Ng6 16. Bc1 Rxd1 17. Rxd1 Rd8 18. Bb2 Ne8 19. Rd2 Rd6 20. Ne5 Bxg2 21.
Kxg2 Nxe5 22. Bxe5 Rd7 23. Bb2 Qd8 24. Rxd7 Qxd7 25. h4 f6 26. f3 g6 27. g4 Kf7
28. Kf2 e5 29. Ke3 Nc7 30. Qd3 Qxd3+ 31. Kxd3 Ne6 32. e3 Nd8 33. g5 Nc6 34. Bc3
f5 35. e4 Ke6 36. Kc2 Nd4+ 37. Bxd4 exd4 38. Kd3 Ke5 39. exf5 Kxf5 40. b4 Kf4
41. bxc5 bxc5 42. Ke2 Kg3 43. a4 Kxh4 {White resigns} 0-1

[Event "Team 45 45 League T62"]
[Site "Internet Chess Club"]
[Date "2014.08.31"]
[Round "1"]
[White "oldsj"]
[Black "g8wrb"]
[Result "0-1"]
[WhiteElo "1551"]
[BlackElo "1243"]
[Opening "French: exchange variation"]
[ECO "C01"]
[Time "16:01:22"]
[TimeControl "2700+45"]

1. e4 e6 2. d4 d5 3. exd5 exd5 4. c4 Nf6 5. Nc3 c6 6. Bg5 Be7 7. Nf3 O-O 8. Be2
dxc4 9. Bxc4 Bg4 10. h3 Bh5 11. Be2 Nd5 12. Bxe7 Qxe7 13. O-O Nd7 14. Re1 Qb4
15. Qc2 Bxf3 16. Bxf3 Rfe8 17. Nxd5 Rxe1+ 18. Rxe1 Qxe1+ 19. Kh2 cxd5 20. Bxd5
Qb4 21. Qc7 Qe7 22. Bxb7 Rd8 23. Bc6 Kf8 24. Qxa7 Qd6+ 25. g3 Qxc6 26. Qa3+ Kg8
27. Qe7 Qc8 28. a4 Nb6 29. a5 Nc4 30. Qb4 Rxd4 31. b3 h6 32. bxc4 Rxc4 33. Qb6
Rc6 34. Qe3 Rc3 35. Qb6 Rc2 36. a6 Ra2 37. a7 Qa6 {White resigns} 0-1

[Event "Team 45 45 League T62"]
[Site "Internet Chess Club"]
[Date "2014.08.28"]
[Round "1"]
[White "otherook"]
[Black "AVEMARIA"]
[Result "0-1"]
[WhiteElo "1743"]
[BlackElo "1646"]
[Opening "English: Caro-Kann defensive system"]
[ECO "A11"]
[Time "19:01:01"]
[TimeControl "2700+45"]

1. c4 c6 2. g3 d5 3. Qb3 dxc4 4. Qxc4 Qd5 5. Qxd5 cxd5 6. Bg2 Nf6 7. Nc3 e6 8.
Nf3 a6 9. O-O Nbd7 10. d4 Bd6 11. b3 O-O 12. Bb2 Rb8 13. e3 b6 14. Ne2 Bb7 15.
Ne5 Rfc8 16. Rac1 Bxe5 17. dxe5 Ng4 18. h4 Ngxe5 19. Nf4 g6 20. Rfd1 Rxc1 21.
Rxc1 Rc8 22. Bf1 Nf3+ 23. Kg2 Rxc1 24. Bxc1 d4 25. Kh3 e5 26. Ng2 Nf6 27. exd4
Bc8+ 28. g4 Nxg4 29. Kg3 Nxd4 30. Bxa6 Bxa6 31. Kxg4 Bc8+ 32. Kg5 Kg7 33. h5 f6+
34. Kh4 g5+ {White resigns} 0-1

[Event "Team 45 45 League T62"]
[Site "Internet Chess Club"]
[Date "2014.08.31"]
[Round "1"]
[White "Kingofknights"]
[Black "kingphisch"]
[Result "1-0"]
[WhiteElo "1682"]
[BlackElo "1496"]
[Opening "QGD: Albin counter-gambit"]
[ECO "D08"]
[Time "14:07:00"]
[TimeControl "2700+45"]

1. d4 d5 2. c4 e5 3. dxe5 d4 4. Nf3 Nc6 5. Bf4 Be6 6. b3 Nge7 7. h3 Ng6 8. Bg3
Qd7 9. a3 Be7 10. e3 Rd8 11. exd4 Nxd4 12. Nc3 Bf5 13. Nxd4 Qxd4 14. Qxd4 Rxd4
15. Be2 c6 16. O-O O-O 17. Rfd1 Rfd8 18. Rxd4 Rxd4 19. b4 Be6 20. c5 Nf4 21.
Bxf4 Rxf4 22. Rd1 Kf8 23. g3 Rf5 24. f4 h5 25. Bd3 Ke8 26. Bxf5 Bxf5 27. Kg2 g5
28. fxg5 Bxg5 29. h4 Be7 30. Re1 Kd7 31. Ne4 Be6 32. Nf6+ {Black resigns} 1-0

[Event "Team 45 45 League T62"]
[Site "Internet Chess Club"]
[Date "2014.08.28"]
[Round "1"]
[White "Danny-ONeil"]
[Black "whiskeytown"]
[Result "0-1"]
[WhiteElo "1334"]
[BlackElo "1575"]
[Opening "King's Indian, 3.Nf3"]
[ECO "E61"]
[Time "12:00:40"]
[TimeControl "2700+45"]

1. d4 Nf6 2. c4 g6 3. Nf3 Bg7 4. Nc3 d6 5. Qc2 O-O 6. e3 e5 7. Be2 exd4 8. exd4
Nc6 9. O-O Bg4 10. Bg5 Qc8 11. Be3 Bf5 12. Qd2 Re8 13. a3 a5 14. d5 Ne5 15. Nxe5
Rxe5 16. Rfe1 Qd7 17. c5 dxc5 18. Bb5 Qe7 19. Bf4 Rxe1+ 20. Rxe1 Qd8 21. Bc4 Nh5
22. Bg5 Bf6 23. Bxf6 Qxf6 24. h3 Ng7 25. Ne2 Ne8 26. Ng3 Nd6 27. Be2 b6 28. Bd1
Re8 29. Rf1 Kg7 30. Nxf5+ Nxf5 31. Ba4 Re7 32. Re1 Rxe1+ 33. Qxe1 Qxb2 34. Bd1
Qd4 35. Bf3 c4 36. Be4 Nd6 37. Bf3 c3 38. Bd1 Kf8 39. Qe2 Qd2 40. Qxd2 cxd2 41.
Kf1 Ne4 42. Ke2 Nc3+ 43. Kxd2 Nxd1 44. Kxd1 Ke7 45. Kd2 Kd6 46. Kd3 Kxd5 47. g4
c5 48. f4 b5 49. Kc3 b4+ 50. axb4 axb4+ 51. Kc2 Ke4 52. f5 gxf5 53. g5 Kf4 54.
h4 Kg4 55. Kd3 Kxh4 56. Kc4 Kxg5 57. Kxc5 b3 {White resigns} 0-1

[Event "Team 45 45 League T62"]
[Site "Internet Chess Club"]
[Date "2014.09.02"]
[Round "1"]
[White "room-matt"]
[Black "zugknightly"]
[Result "1-0"]
[WhiteElo "1850"]
[BlackElo "1820"]
[Opening "Queen's pawn game"]
[ECO "A45"]
[Time "15:15:11"]
[TimeControl "2700+45"]

1. d4 Nf6 2. Nc3 g6 3. Bg5 Bg7 4. e4 d6 5. Qd2 Nbd7 6. O-O-O a6 7. Nf3 b5 8. a3
c5 9. dxc5 Nxc5 10. e5 Nfe4 11. Nxe4 Nxe4 12. Qd5 Bf5 13. Qc6+ Kf8 14. exd6 f6
15. dxe7+ Kxe7 16. Rxd8 Rhxd8 17. Be3 Rac8 18. Qb7+ Kf8 19. Nd4 Nc5 20. Qf3 Be4
21. Ne6+ Kg8 22. Qh3 Nb3+ 23. Kb1 Rd1+ 24. Ka2 Bxc2 25. Bc4 Bb1+ 26. Kxb3 bxc4+
27. Ka4 Bc2+ 28. Ka5 Rxh1 29. Nxg7 Bf5 30. Nxf5 gxf5 31. Qxf5 Rb8 32. Qxf6 Rf8
33. Qe6+ Rf7 34. Qg4+ Kf8 35. Bc5+ {Black resigns} 1-0

[Event "Team 45 45 League T62"]
[Site "Internet Chess Club"]
[Date "2014.08.28"]
[Round "1"]
[White "Portola"]
[Black "Herbie1"]
[Result "1-0"]
[WhiteElo "1834"]
[BlackElo "1629"]
[Opening "Queen's pawn"]
[ECO "A40"]
[Time "16:02:15"]
[TimeControl "2700+45"]

1. d4 c6 2. Nf3 d5 3. c3 a6 4. e3 Bg4 5. Nbd2 e6 6. Bd3 Bd6 7. O-O Qc7 8. Qc2
Nd7 9. e4 e5 10. exd5 cxd5 11. dxe5 Nxe5 12. Nxe5 Bxe5 13. Re1 O-O-O 14. Bf5+
Kb8 15. Bxg4 Bxh2+ 16. Kh1 h5 17. Bf3 h4 18. Nf1 Bg3 19. fxg3 hxg3+ 20. Kg1 Nf6
21. Qf5 Qb6+ 22. Be3 Qxb2 23. Nxg3 Qxc3 24. Qf4+ Ka8 25. Qd4 Qxd4 26. Bxd4 Rd6
{Black resigns} 1-0

[Event "Team 45 45 League T62"]
[Site "Internet Chess Club"]
[Date "2014.08.29"]
[Round "1"]
[White "rayngrant"]
[Black "MetaGod"]
[Result "1-0"]
[WhiteElo "1608"]
[BlackElo "1575"]
[Opening "Pirc defense"]
[ECO "B07"]
[Time "23:03:12"]
[TimeControl "2700+45"]

1. e4 d6 2. d4 Nf6 3. Nc3 g6 4. Bd3 Bg7 5. Nge2 O-O 6. O-O Nbd7 7. f4 e5 8. dxe5
dxe5 9. f5 c6 10. fxg6 hxg6 11. Bg5 Qb6+ 12. Kh1 Ng4 13. Qe1 Qxb2 14. Bc4 Qxc2
15. Be7 Ne3 16. Bxf7+ Rxf7 17. Rxf7 Kxf7 18. Bd6 Qd3 19. Qf2+ Bf6 20. Qf3 Qd2
21. Bb4 Nb6 22. Nd5 Bg4 23. Qxf6+ Kg8 24. Ne7+ {Black resigns} 1-0

[Event "Team 45 45 League T62"]
[Site "Internet Chess Club"]
[Date "2014.08.31"]
[Round "1"]
[White "jcule"]
[Black "julesraider"]
[Result "0-1"]
[WhiteElo "1479"]
[BlackElo "1615"]
[Opening "King's Indian, 3.Nf3"]
[ECO "E60"]
[Time "15:01:03"]
[TimeControl "2700+45"]

1. d4 Nf6 2. c4 g6 3. Nf3 Bg7 4. Bg5 O-O 5. e3 d6 6. Be2 Na6 7. O-O h6 8. Bh4 c6
9. Nc3 e5 10. dxe5 dxe5 11. Qxd8 Rxd8 12. Nxe5 Re8 13. Nd3 g5 14. Bg3 Ne4 15.
Nxe4 Rxe4 16. Rac1 Bf5 17. b3 Rd8 18. Rfd1 Ree8 19. Ne1 Nb4 20. Rxd8 Rxd8 21. a3
Rd2 22. Kf1 Na2 23. Rd1 Rb2 24. Bd3 Nc3 25. Rc1 Bxd3+ 26. Nxd3 Rxb3 27. Be5 Bxe5
28. Nxe5 Rxa3 29. f4 a5 30. Rc2 a4 31. Rd2 Ra1+ 32. Kf2 Ne4+ {White resigns} 0-1